PL
ATLANTA SMOKE @ CHICAGO GOLD SOX
06/08/2030
 
TOP OF THE 1ST
Atlanta Smoke batting - Pitching for Chicago Gold Sox : RHP Shuntavyious Primes-Willes
Pitching: RHP Shuntavyious Primes-Willes
Batting: RHB Bobby Butterfield 0-0: Swinging Strike
0-1: Foul Ball, location: 2F
0-2: Ground out 6-3 (Groundball, 6)
Batting: LHB Albert Morán 0-0: Ball
1-0: Foul Ball, location: 2F
1-1: SINGLE (Groundball, 34D)
Batting: SHB Valentín Guzmán 0-0: Ball
Albert Morán is caught stealing 2nd base
1-0: Foul Ball, location: 2F
1-1: Called Strike
1-2: TRIPLE (Flyball, 78XD)
Batting: LHB Yataro Kodo 0-0: Called Strike
0-1: SINGLE (Line Drive, 89S)
Valentín Guzmán scores
Batting: SHB Melito Báez 0-0: 2-RUN HOME RUN (Flyball, 9LD), Distance : 366 ft
Batting: RHB Gabriel Maldonado 0-0: Ball
1-0: Called Strike
1-1: Ball
2-1: Foul Ball, location: 2F
2-2: DOUBLE (Flyball, 8LXD)
Batting: RHB Sadakuno Taketo 0-0: Fly out, F8 (Flyball, 8RS)
Top of the 1st over - 3 runs, 5 hits, 0 errors, 1 left on base; Atlanta 3 - Chicago 0
BOTTOM OF THE 1ST
Chicago Gold Sox batting - Pitching for Atlanta Smoke : RHP Valentín Rivera
Pitching: RHP Valentín Rivera
Batting: LHB Stanley Belote 0-0: Ball
1-0: SOLO HOME RUN (Flyball, 9LD), Distance : 354 ft
Batting: LHB Ricardo Collazo 0-0: Ball
1-0: Ball
2-0: Foul Ball, location: 2F
2-1: Ball
3-1: Called Strike
3-2: Foul Ball, location: 2F
3-2: Foul Ball, location: 2F
3-2: Foul Ball, location: 2F
3-2: Ground out 6-3 (Groundball, 6)
Batting: LHB Noel Ballard 0-0: Ball
1-0: Foul Ball, location: 2F
1-1: Fly out, F9 (Line Drive, 9)
Batting: SHB Lupo Cotto 0-0: Called Strike
0-1: Ball
1-1: Ground out 1-3 (Groundball, P)
Bottom of the 1st over - 1 run, 1 hit, 0 errors, 0 left on base; Atlanta 3 - Chicago 1
TOP OF THE 2ND
Atlanta Smoke batting - Pitching for Chicago Gold Sox : RHP Shuntavyious Primes-Willes
Batting: RHB Gerardo Castillo 0-0: Reached on error, E1 (Groundball, 15S)
Batting: RHB Bartolo Morales 0-0: Ball
1-0: Fly out, F8 (Flyball, 8RS)
Batting: RHB Bobby Butterfield 0-0: Called Strike
0-1: Ball
1-1: Fly out, F9 (Flyball, 9LD)
Batting: LHB Albert Morán 0-0: Ball
1-0: Called Strike
1-1: Foul Ball, location: 2F
1-2: Foul Ball, location: 2F
1-2: Ball
2-2: Foul Ball, location: 2F
2-2: Ball
3-2: Foul Ball, location: 2F
3-2: 2-RUN HOME RUN (Flyball, 9LD), Distance : 349 ft
Batting: SHB Valentín Guzmán 0-0: Ball
1-0: Ball
2-0: Ball
3-0: Called Strike
3-1: Called Strike
3-2: Fly out, F8 (Flyball, 8RD)
Top of the 2nd over - 2 runs, 1 hit, 1 error, 0 left on base; Atlanta 5 - Chicago 1
BOTTOM OF THE 2ND
Chicago Gold Sox batting - Pitching for Atlanta Smoke : RHP Valentín Rivera
Batting: LHB Dewitt Hopper 0-0: Swinging Strike
0-1: Foul Ball, location: 2F
0-2: Ball
1-2: Ball
2-2: Ball
3-2: Ground out 6-3 (Groundball, 6MD)
Batting: RHB Manuel Guillama 0-0: Swinging Strike
0-1: Called Strike
0-2: Strikes out swinging
Batting: RHB Jay Hood 0-0: Ground out 6-3 (Groundball, 6)
Bottom of the 2nd over - 0 runs, 0 hits, 0 errors, 0 left on base; Atlanta 5 - Chicago 1
TOP OF THE 3RD
Atlanta Smoke batting - Pitching for Chicago Gold Sox : RHP Shuntavyious Primes-Willes
Batting: LHB Yataro Kodo 0-0: Ball
1-0: Ground out 4-3 (Groundball, 4)
Batting: SHB Melito Báez 0-0: Ground out 6-3 (Groundball, 6)
Batting: RHB Gabriel Maldonado 0-0: Called Strike
0-1: Ball
1-1: Ball
2-1: Foul Ball, location: 2F
2-2: Ground out 6-3 (Groundball, 6M)
Top of the 3rd over - 0 runs, 0 hits, 0 errors, 0 left on base; Atlanta 5 - Chicago 1
BOTTOM OF THE 3RD
Chicago Gold Sox batting - Pitching for Atlanta Smoke : RHP Valentín Rivera
Batting: LHB Naohiro Sakai 0-0: Ball
1-0: Swinging Strike
1-1: Foul Ball, location: 2F
1-2: Ball
2-2: Fly out, F5 (Line Drive, 56)
Batting: RHB Zeus Preckwinkle 0-0: Called Strike
0-1: Called Strike
0-2: Ball
1-2: Ball
2-2: Ball
3-2: Foul Ball, location: 2F
3-2: Foul Ball, location: 2F
3-2: Fly out, F6 (Line Drive, 6)
Batting: LHB Stanley Belote 0-0: Ball
1-0: SINGLE (Line Drive, 4D)
Batting: LHB Ricardo Collazo 0-0: SINGLE (Line Drive, 8LS)
Stanley Belote to second
Batting: LHB Noel Ballard 0-0: Ground out 4-3 (Groundball, 4)
Bottom of the 3rd over - 0 runs, 2 hits, 0 errors, 2 left on base; Atlanta 5 - Chicago 1
TOP OF THE 4TH
Atlanta Smoke batting - Pitching for Chicago Gold Sox : RHP Shuntavyious Primes-Willes
Batting: RHB Sadakuno Taketo 0-0: Ball
1-0: Ball
2-0: Ground out 6-3 (Groundball, 6)
Batting: RHB Gerardo Castillo 0-0: Ground out U3 (Groundball, 34S)
Batting: RHB Bartolo Morales 0-0: Called Strike
0-1: Called Strike
0-2: Ball
1-2: Strikes out swinging
Top of the 4th over - 0 runs, 0 hits, 0 errors, 0 left on base; Atlanta 5 - Chicago 1
BOTTOM OF THE 4TH
Chicago Gold Sox batting - Pitching for Atlanta Smoke : RHP Valentín Rivera
Batting: SHB Lupo Cotto 0-0: Ball
1-0: Ball
2-0: Called Strike
2-1: Foul Ball, location: 2F
2-2: Ground out 4-3 (Groundball, 4)
Batting: LHB Dewitt Hopper 0-0: Ball
1-0: Ball
2-0: Called Strike
2-1: Foul Ball, location: 2F
2-2: SINGLE (Flyball, 9S)
Batting: RHB Manuel Guillama 0-0: Called Strike
0-1: Foul Ball, location: 2F
0-2: Foul Ball, location: 2F
0-2: 2-RUN HOME RUN (Line Drive, 9LD), Distance : 363 ft
Batting: RHB Jay Hood 0-0: Called Strike
0-1: Ground out 6-3 (Groundball, 6)
Batting: LHB Naohiro Sakai 0-0: Ball
1-0: Ground out 1-3 (Groundball, 13S)
Bottom of the 4th over - 2 runs, 2 hits, 0 errors, 0 left on base; Atlanta 5 - Chicago 3
TOP OF THE 5TH
Atlanta Smoke batting - Pitching for Chicago Gold Sox : RHP Shuntavyious Primes-Willes
Batting: RHB Bobby Butterfield 0-0: Ball
1-0: Hit by Pitch
Batting: LHB Albert Morán 0-0: Ball
1-0: Bunted foul
1-1: Bunted foul
1-2: Ball
2-2: Ground out U3 (Groundball, 3)
Bobby Butterfield to second
Batting: SHB Valentín Guzmán 0-0: Called Strike
0-1: Fly out, F9 (Flyball, 9D)
Runner from 2nd tags up, SAFE at 3rd, no throw
Batting: LHB Yataro Kodo 0-0: Ball
1-0: Ground out 1-3 (Groundball, P)
Top of the 5th over - 0 runs, 0 hits, 0 errors, 1 left on base; Atlanta 5 - Chicago 3
BOTTOM OF THE 5TH
Chicago Gold Sox batting - Pitching for Atlanta Smoke : RHP Valentín Rivera
Batting: RHB Zeus Preckwinkle 0-0: Ball
1-0: Swinging Strike
1-1: Ball
2-1: Ball
3-1: Foul Ball, location: 2F
3-2: Ground out 5-3 (Groundball, 5L)
Batting: LHB Stanley Belote 0-0: Ball
1-0: SINGLE (Line Drive, 9LS)
Batting: LHB Ricardo Collazo 0-0: Ball
1-0: Foul Ball, location: 2F
1-1: Ball
2-1: Foul Ball, location: 2F
2-2: Strikes out swinging
Batting: LHB Noel Ballard 0-0: Foul Ball, location: 2F
0-1: Ball
1-1: Called Strike
1-2: Ball
2-2: Ground out 4-3 (Groundball, 4)
Bottom of the 5th over - 0 runs, 1 hit, 0 errors, 1 left on base; Atlanta 5 - Chicago 3
TOP OF THE 6TH
Atlanta Smoke batting - Pitching for Chicago Gold Sox : RHP Shuntavyious Primes-Willes
Batting: SHB Melito Báez 0-0: Foul Ball, location: 2F
0-1: Swinging Strike
0-2: Ball
1-2: SINGLE (Flyball, 9LM)
Batting: RHB Gabriel Maldonado 0-0: Called Strike
0-1: Ball
1-1: Ball
2-1: Ball
3-1: Bunt missed!
3-2: Fly out, F8 (Flyball, 78D)
Runner from 1st tags up, SAFE at 2nd
Batting: RHB Sadakuno Taketo 0-0: Ball
1-0: Swinging Strike
1-1: Ball
2-1: Swinging Strike
2-2: Ground out U3 (Groundball, 34)
Melito Báez to third
Batting: RHB Gerardo Castillo 0-0: SINGLE (Groundball, 4MD)
Melito Báez scores
Batting: RHB Bartolo Morales 0-0: Foul Ball, location: 2F
0-1: Ball
1-1: Ball
2-1: Called Strike
2-2: Ground out 6-3 (Groundball, 6S)
Top of the 6th over - 1 run, 2 hits, 0 errors, 1 left on base; Atlanta 6 - Chicago 3
BOTTOM OF THE 6TH
Chicago Gold Sox batting - Pitching for Atlanta Smoke : RHP Valentín Rivera
Batting: SHB Lupo Cotto 0-0: Foul Ball, location: 2F
0-1: Foul Ball, location: 2F
0-2: Ground out 4-3 (Groundball, 4)
Batting: LHB Dewitt Hopper 0-0: Ball
1-0: SINGLE (Line Drive, 4MD)
Batting: RHB Manuel Guillama 0-0: Called Strike
0-1: Foul Ball, location: 2F
0-2: Foul Ball, location: 2F
0-2: Ball
1-2: Ball
2-2: Strikes out swinging
Batting: RHB Jay Hood 0-0: Ball
1-0: Swinging Strike
1-1: Ball
2-1: Ground out 1-3 (Groundball, 13)
Bottom of the 6th over - 0 runs, 1 hit, 0 errors, 1 left on base; Atlanta 6 - Chicago 3
TOP OF THE 7TH
Atlanta Smoke batting - Pitching for Chicago Gold Sox : RHP Shuntavyious Primes-Willes
Batting: RHB Bobby Butterfield 0-0: SOLO HOME RUN (Line Drive, 7D), Distance : 401 ft
Pitching: RHP Tom McKee
Batting: LHB Albert Morán 0-0: Foul Ball, location: 2F
0-1: Foul Ball, location: 2F
0-2: Ball
1-2: Foul Ball, location: 2F
1-2: SOLO HOME RUN (Flyball, 89XD), Distance : 399 ft
Batting: SHB Valentín Guzmán 0-0: Foul Ball, location: 2F
0-1: Called Strike
0-2: Ball
1-2: Foul Ball, location: 2F
1-2: Strikes out looking
Batting: LHB Yataro Kodo 0-0: Ball
1-0: Ground out U3 (Groundball, 34)
Batting: SHB Melito Báez 0-0: Ball
1-0: Ball
2-0: Ball
3-0: Base on Balls
Batting: RHB Gabriel Maldonado 0-0: Foul Ball, location: 2F
0-1: Ball
Melito Báez steals 2nd base
1-1: Swinging Strike
1-2: Hit by Pitch
Batting: RHB Sadakuno Taketo 0-0: Ball
1-0: Called Strike
1-1: Swinging Strike
1-2: Foul Ball, location: 2F
1-2: Strikes out looking
Top of the 7th over - 2 runs, 2 hits, 0 errors, 2 left on base; Atlanta 8 - Chicago 3
BOTTOM OF THE 7TH
Chicago Gold Sox batting - Pitching for Atlanta Smoke : RHP Valentín Rivera
Batting: LHB Naohiro Sakai 0-0: Ground out 1-3 (Groundball, 13S)
Batting: RHB Zeus Preckwinkle 0-0: Ball
1-0: Called Strike
1-1: SINGLE (Groundball, 34D)
Batting: LHB Stanley Belote 0-0: Called Strike
0-1: Ball
1-1: Ball
Zeus Preckwinkle is caught stealing 2nd base
2-1: Ball
3-1: SINGLE (Groundball, 4M) (infield hit)
Batting: LHB Ricardo Collazo 0-0: Swinging Strike
0-1: Ball
1-1: Ball
2-1: Foul Ball, location: 2F
2-2: Ball
3-2: SINGLE (Groundball, 6MD)
Stanley Belote to second
Stanley Belote to third
Pitching: RHP Domingo Velasco
Batting: LHB Noel Ballard 0-0: Foul Ball, location: 2F
0-1: Ball
1-1: Swinging Strike
1-2: Ball
Ricardo Collazo steals 2nd base
2-2: Ball
3-2: Ground out 5-3 (Groundball, 5)
Bottom of the 7th over - 0 runs, 3 hits, 0 errors, 2 left on base; Atlanta 8 - Chicago 3
TOP OF THE 8TH
Atlanta Smoke batting - Pitching for Chicago Gold Sox : RHP Tom McKee
Batting: RHB Gerardo Castillo 0-0: Ball
1-0: Called Strike
1-1: Called Strike
1-2: Strikes out looking
Batting: RHB Bartolo Morales 0-0: Fly out, F4 (Popup, 13)
Batting: RHB Bobby Butterfield 0-0: Hit by Pitch
Batting: LHB Albert Morán 0-0: Ball
Bobby Butterfield steals 2nd base
1-0: Ball
2-0: Called Strike
2-1: Foul Ball, location: 2F
2-2: Ground out 4-3 (Groundball, 4M)
Top of the 8th over - 0 runs, 0 hits, 0 errors, 1 left on base; Atlanta 8 - Chicago 3
BOTTOM OF THE 8TH
Chicago Gold Sox batting - Pitching for Atlanta Smoke : RHP Domingo Velasco
Batting: SHB Lupo Cotto 0-0: Called Strike
0-1: Fly out, F9 (Flyball, 9)
Batting: LHB Dewitt Hopper 0-0: Called Strike
0-1: Ball
1-1: Ball
2-1: Ground out 4-3 (Groundball, 4)
Batting: RHB Manuel Guillama 0-0: Swinging Strike
0-1: Foul Ball, location: 2F
0-2: SOLO HOME RUN (Line Drive, 7LD), Distance : 366 ft
Batting: RHB Jay Hood 0-0: Called Strike
0-1: Ground out 3-1 (Groundball, 34S)
Bottom of the 8th over - 1 run, 1 hit, 0 errors, 0 left on base; Atlanta 8 - Chicago 4
TOP OF THE 9TH
Atlanta Smoke batting - Pitching for Chicago Gold Sox : RHP Tom McKee
Pitching: RHP Bruce Wright
Batting: SHB Valentín Guzmán 0-0: Ball
1-0: Swinging Strike
1-1: Fly out, F9 (Flyball, 89M)
Batting: LHB Yataro Kodo 0-0: Called Strike
0-1: Called Strike
0-2: Ball
1-2: Ball
2-2: Strikes out swinging
Batting: SHB Melito Báez 0-0: Called Strike
0-1: SOLO HOME RUN (Flyball, 9LD), Distance : 350 ft
Batting: RHB Gabriel Maldonado 0-0: Swinging Strike
0-1: Ball
1-1: Ground out 5-3 (Groundball, 56S)
Top of the 9th over - 1 run, 1 hit, 0 errors, 0 left on base; Atlanta 9 - Chicago 4
BOTTOM OF THE 9TH
Chicago Gold Sox batting - Pitching for Atlanta Smoke : RHP Domingo Velasco
Batting: LHB Naohiro Sakai 0-0: Fly out, F9 (Line Drive, 9S)
Batting: RHB Zeus Preckwinkle 0-0: Foul Ball, location: 2F
0-1: Foul Ball, location: 2F
0-2: Ball
1-2: Foul Ball, location: 2F
1-2: Ball
2-2: SINGLE (Groundball, 56S) (infield hit)
Batting: LHB Stanley Belote 0-0: Ball
1-0: Ball
2-0: Ball
3-0: Called Strike
3-1: Base on Balls
Zeus Preckwinkle to second
Batting: LHB Ricardo Collazo 0-0: Called Strike
0-1: Ball
1-1: Swinging Strike
1-2: Fly out, F8 (Flyball, 8RD)
Batting: LHB Noel Ballard 0-0: Foul Ball, location: 2F
0-1: Foul Ball, location: 2F
0-2: Foul Ball, location: 2F
0-2: Ball
1-2: Strikes out looking
Bottom of the 9th over - 0 runs, 1 hit, 0 errors, 2 left on base; Atlanta 9 - Chicago 4
Sunday, March 18th, 2018 - OOTP Baseball 18.8 Build 76